 Dungeon Crawl Stone Soup version 0.29.0-4-gdea44cf6ec (webtiles) character file.

Game seed: 18441490715246979350

526 qw the Grappler (level 7, -1/66 HPs)
             Began as a Troll Cinder Acolyte on Sept 1, 2022.
             Was a High Priest of Ignis.
             Succumbed to a gnoll's poison
             ... on level 4 of the Dungeon.
             The game lasted 00:01:58 (2392 turns).

qw the Grappler (Troll Cinder Acolyte)              Turns: 2392, Time: 00:01:59

Health: -1/66      AC: 13    Str: 25    XL:     7   Next: 2%
Magic:  7/7        EV:  9    Int: 10    God:    Ignis [*****.]
Gold:   153        SH:  0    Dex:  5    Spells: 8/8 levels left

rFire   + . .      SeeInvis .     - Unarmed
rCold   . . .      Faith    .   (no shield)
rNeg    + . .      Spirit   .   m - +1 robe {rN+}
rPois   .          Reflect  .   (helmet restricted)
rElec   .          Harm     .   e - +0 cloak
rCorr   .          Rampage  .   (gloves unavailable)
Will    .....                   (boots unavailable)
Stlth   +.........              (no amulet)
HPRegen 1.01/turn               (no ring)
MPRegen 0.10/turn               (no ring)

@: lethally poisoned (-1 -> -9), about to teleport, fiery-armoured
A: large, unfitting armour, claws 3, regeneration 1, shaggy fur 1, tough skin 1
a: Renounce Religion, Fiery Armour, Foxfire Swarm, Rising Flame


You were on level 4 of the Dungeon.
You worshipped Ignis.
Ignis was extremely pleased with you.
You visited 1 branch of the dungeon, and saw 4 of its levels.

You collected 153 gold pieces.


Innate Abilities, Weirdness & Mutations

You are too large for most types of armour.
You have claws for hands.
Your natural rate of healing is unusually fast.
You are covered in fur. (AC +1)
You have tough skin. (AC +1)


   Skills:
 + Level 2.5 Fighting
 - Level 8.0 Unarmed Combat
 - Level 1.0 Spellcasting
 - Level 2.1 Fire Magic


You had 8 spell levels left.
You didn't know any spells.
Your spell library contained the following spells:

 Spells                   Type           Power      Damage    Failure   Level
 Scorch                   Fire           8%         2d5       22%         2

Inventory:

Armour
 e - a +0 cloak (worn)
 m - a +1 robe of positive energy (worn)
Scrolls
 a - a scroll of silence {unknown}
 h - a scroll of identify
Potions
 b - a potion of mutation
 c - a potion of haste
 d - a potion of might {unknown}
 f - 4 potions of lignification {unknown}
 g - a potion of heal wounds {unknown}
 j - a potion of invisibility {unknown}
 k - a potion of curing
 n - a potion of cancellation {unknown}

Dungeon Overview and Level Annotations

Branches:
Dungeon (4/15)
 Temple: D:4-7

Altars:
Sif Muna
The Shining One

Shops:
D:2 =   D:4 [


Message History

The gnoll is severely wounded.
The gnoll closely misses you.
The ogre hits you with a +0 giant club!!
The ogre is burned by your cloak of flames.
The ogre is moderately wounded.
You claw the gnoll!
You kill the gnoll!
You barely miss the ogre. You claw the ogre!!
The ogre is almost dead.
The gnoll hits you but does no damage.
The gnoll is burned by your cloak of flames.
The gnoll is moderately wounded.
The gnoll hits you but does no damage.
The gnoll hits you from afar with a +2 halberd of venom.
The ogre barely misses you.
You scratch the ogre.
You kill the ogre!
The gnoll closely misses you. x3
Your Unarmed Combat skill increases to level 8!
You have reached level 7!
You scratch the gnoll but do no damage.
The gnoll is moderately wounded.
The gnoll barely misses you.
The gnoll hits you from afar with a +0 spear.
The gnoll hits you but does no damage.
You are poisoned.
You mangle the gnoll!!
You kill the gnoll!
You feel very sick. The gnoll hits you but does no damage.
The wight closely misses you. The gnoll barely misses you.
You closely miss the wight.
You feel sick. The gnoll hits you but does no damage.
The gnoll hits you from afar with a +2 halberd of venom!
You are more poisoned.
The wight hits you with a +3 great sword!
2392 ||| READING scroll of teleportation.
As you read the scroll of teleportation, it crumbles to dust.
You feel strangely unstable.
You die...

+............'....
#......#######....
#......# #....
#......# #....
###......# #....
#........# #....
#........# #....
#........# #....
#.)@.....# #....
#.)z###### #....
....ggz ###..
.......z.. #..
........... #..
...........# #..
###++####..# #.#


You could see 3 wights and 2 gnolls.

Vanquished Creatures
  An ogre (D:4)
  A necrophage (D:4)
  A crimson imp (D:3)
  A hound (D:4)
  Jessica (D:3)
  Natasha (twice) (D:2)
  An orc wizard (D:3)
  Robin (D:3)
  3 adders
  6 gnolls (D:4)
  2 worms
  A dart slug (D:1)
  11 orcs
  5 ball pythons
  5 bats
  10 endoplasms
  4 giant cockroaches
  20 goblins
  8 hobgoblins
  5 jackals
  2 frilled lizards
  A goblin skeleton (D:3)
  2 goblin zombies (D:3)
  6 kobolds
  A kobold skeleton (D:3)
  2 kobold zombies (D:3)
  An orc zombie (D:3)
  3 rats
107 creatures vanquished.

Notes
Turn   | Place    | Note
-------+----------+-------------------------------------------
     0 | D:1      | qw the Troll Cinder Acolyte began the quest for the Orb.
     0 | D:1      | Reached XP level 1. HP: 22/22 MP: 1/1
     0 | D:1      | 0 ||| qw: Version: 0.1-a-97-g2dd2ca4
     0 | D:1      | 0 ||| qw: Game counter: 4773
     0 | D:1      | 0 ||| qw: Always use a shield: true
     0 | D:1      | 0 ||| qw: God list: Okawaru
     0 | D:1      | 0 ||| qw: Allow faded altars: false
     0 | D:1      | 0 ||| qw: Do Orc after D:15 true
     0 | D:1      | 0 ||| qw: Do second Lair branch before Depths: true
     0 | D:1      | 0 ||| qw: Lair rune preference: random
     0 | D:1      | 0 ||| qw: Plans: Normal
     0 | D:1      | 0 ||| PLANNING D:1-11
    51 | D:1      | 51 ||| Stepping ~*~*~tactically~*~*~ (stealth).
    67 | D:1      | 67 ||| Stepping ~*~*~tactically~*~*~ (stealth).
   136 | D:1      | 136 ||| Stepping ~*~*~tactically~*~*~ (stealth).
   141 | D:1      | 141 ||| Stepping ~*~*~tactically~*~*~ (stealth).
   179 | D:1      | 179 ||| Stepping ~*~*~tactically~*~*~ (outnumbered).
   184 | D:1      | Reached XP level 2. HP: 29/29 MP: 2/2
   275 | D:1      | 275 ||| Stepping ~*~*~tactically~*~*~ (stealth).
   279 | D:1      | 279 ||| Stepping ~*~*~tactically~*~*~ (stealth).
   519 | D:1      | 519 ||| Stepping ~*~*~tactically~*~*~ (hiding).
   523 | D:1      | Reached skill level 4 in Unarmed Combat
   742 | D:1      | Reached XP level 3. HP: 36/36 MP: 3/3
   760 | D:1      | 760 ||| UPGRADING to +0 cloak.
   765 | D:1      | 765 ||| READING 3 scrolls labelled XOAMUTROXOL.
   766 | D:1      | 766 ||| READING scroll labelled VITEDW VONEM.
   770 | D:1      | 770 ||| READING 2 scrolls of identify.
   770 | D:1      | 770 ||| IDENTIFYING viscous emerald potion
   821 | D:2      | 821 ||| STAIRDANCE
   877 | D:2      | 877 ||| Stepping ~*~*~tactically~*~*~ (outnumbered).
   878 | D:2      | 878 ||| Stepping ~*~*~tactically~*~*~ (outnumbered).
   879 | D:2      | 879 ||| Stepping ~*~*~tactically~*~*~ (outnumbered).
   880 | D:2      | 880 ||| Stepping ~*~*~tactically~*~*~ (outnumbered).
   881 | D:2      | 881 ||| Stepping ~*~*~tactically~*~*~ (outnumbered).
   882 | D:2      | 882 ||| Stepping ~*~*~tactically~*~*~ (outnumbered).
   913 | D:2      | 913 ||| Stepping ~*~*~tactically~*~*~ (outnumbered).
   914 | D:2      | 914 ||| Stepping ~*~*~tactically~*~*~ (outnumbered).
   915 | D:2      | 915 ||| Stepping ~*~*~tactically~*~*~ (outnumbered).
   916 | D:2      | 916 ||| Stepping ~*~*~tactically~*~*~ (outnumbered).
   917 | D:2      | 917 ||| Stepping ~*~*~tactically~*~*~ (outnumbered).
   918 | D:2      | 918 ||| Stepping ~*~*~tactically~*~*~ (outnumbered).
   919 | D:2      | 919 ||| Stepping ~*~*~tactically~*~*~ (outnumbered).
   920 | D:2      | 920 ||| Stepping ~*~*~tactically~*~*~ (outnumbered).
  1021 | D:2      | Found a shimmering blue altar of Sif Muna.
  1198 | D:2      | Reached XP level 4. HP: 42/44 MP: 4/4
  1201 | D:2      | Found a faded altar of an unknown god.
  1218 | D:2      | Reached skill level 5 in Unarmed Combat
  1253 | D:2      | Found Vaamir's Jewellery Shop.
  1276 | D:2      | 1276 ||| SHOPLISTING +4 ring of protection (396 gold, have
                  | 120).
  1276 | D:2      | 1276 ||| SHOPLISTING +6 ring of strength (396 gold, have
                  | 120).
  1276 | D:2      | 1276 ||| SHOPLISTING ring of poison resistance (220 gold,
                  | have 120).
  1276 | D:2      | 1276 ||| SHOPLISTING ring of positive energy (220 gold,
                  | have 120).
  1276 | D:2      | 1276 ||| SHOPLISTING ring of protection from fire (275
                  | gold, have 120).
  1276 | D:2      | 1276 ||| SHOPLISTING ring of see invisible (165 gold, have
                  | 120).
  1289 | D:2      | Noticed Natasha
  1295 | D:2      | Killed Natasha
  1347 | D:2      | Noticed Natasha
  1349 | D:2      | 1349 ||| FLEEEEING.
  1350 | D:2      | 1350 ||| FLEEEEING.
  1351 | D:2      | 1351 ||| FLEEEEING.
  1352 | D:2      | 1352 ||| FLEEEEING.
  1353 | D:2      | 1353 ||| FLEEEEING.
  1354 | D:2      | 1354 ||| FLEEEEING.
  1355 | D:2      | 1355 ||| Stepping ~*~*~tactically~*~*~ (hiding).
  1356 | D:2      | 1356 ||| Stepping ~*~*~tactically~*~*~ (hiding).
  1358 | D:2      | 1358 ||| Stepping ~*~*~tactically~*~*~ (hiding).
  1368 | D:2      | Killed Natasha
  1530 | D:2      | 1530 ||| DRINKING 2 green potions.
  1531 | D:2      | 1531 ||| READING 3 scrolls of identify.
  1531 | D:2      | 1531 ||| IDENTIFYING murky blue potion
  1532 | D:2      | 1532 ||| READING 2 scrolls of identify.
  1532 | D:2      | 1532 ||| IDENTIFYING viscous black potion
  1533 | D:2      | 1533 ||| DROPPING potion of attraction.
  1547 | D:3      | Noticed Jessica
  1549 | D:3      | Killed Jessica
  1550 | D:3      | Reached XP level 5. HP: 50/50 MP: 5/5
  1553 | D:3      | Reached skill level 6 in Unarmed Combat
  1592 | D:3      | 1592 ||| Stepping ~*~*~tactically~*~*~ (stealth).
  1599 | D:3      | Noticed Robin
  1601 | D:3      | 1601 ||| Stepping ~*~*~tactically~*~*~ (outnumbered).
  1602 | D:3      | 1602 ||| INVOKING Fiery Armour.
  1608 | D:3      | 1608 ||| Stepping ~*~*~tactically~*~*~ (outnumbered).
  1610 | D:3      | 1610 ||| Stepping ~*~*~tactically~*~*~ (outnumbered).
  1621 | D:3      | Killed Robin
  1753 | D:3      | 1753 ||| Stepping ~*~*~tactically~*~*~ (stealth).
  1757 | D:3      | 1757 ||| Stepping ~*~*~tactically~*~*~ (stealth).
  1921 | D:3      | Found a glowing golden altar of the Shining One.
  1922 | D:3      | 1922 ||| Stepping ~*~*~tactically~*~*~ (stealth).
  1940 | D:3      | Reached XP level 6. HP: 59/59 MP: 6/6
  1946 | D:3      | 1946 ||| Stepping ~*~*~tactically~*~*~ (stealth).
  1950 | D:3      | 1950 ||| Stepping ~*~*~tactically~*~*~ (stealth).
  1959 | D:3      | 1959 ||| Stepping ~*~*~tactically~*~*~ (stealth).
  1960 | D:3      | 1960 ||| Stepping ~*~*~tactically~*~*~ (stealth).
  2012 | D:3      | 2012 ||| UPGRADING to +1 robe of positive energy.
  2022 | D:3      | 2022 ||| DROPPING +0 robe.
  2023 | D:3      | 2023 ||| READING 3 scrolls labelled DYFAUKLULE.
  2024 | D:3      | 2024 ||| READING scroll labelled TIFRUF QO ZUSS.
  2025 | D:3      | 2025 ||| DROPPING 2 scrolls of vulnerability.
  2095 | D:4      | Reached skill level 7 in Unarmed Combat
  2203 | D:4      | Found Okuriu Goeb's Armour Emporium.
  2223 | D:4      | 2223 ||| Stepping ~*~*~tactically~*~*~ (stealth).
  2228 | D:4      | 2228 ||| Stepping ~*~*~tactically~*~*~ (stealth).
  2229 | D:4      | 2229 ||| Stepping ~*~*~tactically~*~*~ (stealth).
  2230 | D:4      | 2230 ||| Stepping ~*~*~tactically~*~*~ (stealth).
  2231 | D:4      | 2231 ||| Stepping ~*~*~tactically~*~*~ (stealth).
  2232 | D:4      | 2232 ||| INVOKING Fiery Armour.
  2381 | D:4      | 2381 ||| INVOKING Fiery Armour.
  2389 | D:4      | Reached skill level 8 in Unarmed Combat
  2389 | D:4      | Reached XP level 7. HP: 24/66 MP: 7/7
  2391 | D:4      | HP: 11/66 [gnoll/+2 halberd of venom (7)]
  2391 | D:4      | HP: 2/66 [wight/+3 great sword (9)]
  2392 | D:4      | 2392 ||| READING scroll of teleportation.
  2392 | D:4      | Succumbed to a gnoll's poison

Levels and vault maps discovered:
D:1:      grunt_arrival_crossed_arrows, layout_loops_ring, serial_park_tiny_pond
D:2:      layout_rooms, ebering_ecumenical_altar_hall, basic_altar,
          serial_shops, shop, guppyfry_early_orc_mine, uniq_natasha
D:3:      layout_rooms, nicolae_tso_besieged_by_evil, uniq_jessica, uniq_robin
D:4:      layout_basic, grunt_nemelex_the_gamble, serial_shops, shop,
          kennysheep_generic_room_5

Skill      XL: |  1  2  3  4  5  6 |
---------------+-------------------+-----
Unarmed Combat | 4 5 6 8 |  8.0
Fighting       | |  2.5
Spellcasting   | |  1.0
Fire Magic     | |  2.1

Action                   |  1- 3 |  4- 6 |  7- 9 || total
-------------------------+-------+-------+-------++-------
Melee: Unarmed           |   115 |   120 |     3 ||   238
       Punch             |     1 |     3 |       ||     4
Invok: Fiery Armour      |       |     3 |       ||     3
  Use: Scroll            |     3 |     4 |     1 ||     8
       Potion            |       |     1 |       ||     1
Armor: Robe              |    37 |    49 |     3 ||    89
       Skin              |       |     1 |       ||     1
Dodge: Dodged            |    56 |    53 |     3 ||   112

Table legend:
 A = Non-vault XP
 B = Vault XP
 C = Vault XP percentage of total XP
 D = Non-vault monster count
 E = Vault monster count
 F = Vault count percentage of total count
                 A         B        C        D         E       F
            +---------+---------+-------+---------+---------+-------
      Total |     573 |     179 |  23.8 |      79 |      28 |  26.2
            +---------+---------+-------+---------+---------+-------
        D:1 |      43 |       0 |   0.0 |      23 |       0 |   0.0
        D:2 |      92 |      52 |  36.1 |      23 |       8 |  25.8
        D:3 |      90 |     127 |  58.5 |      19 |      20 |  51.3
        D:4 |     348 |       0 |   0.0 |      14 |       0 |   0.0
            +---------+---------+-------+---------+---------+-------
